 Dungeon Crawl Stone Soup version bcrawl-1.21.2-28-g2cb1824106 (webtiles) character file.

Game seed: 16878303683945856539

280 Freyura the Skirmisher (level 6, -4/39 HPs)
             Began as a Gargoyle Fighter on Mar 9, 2020.
             Was an Initiate of Ashenzari.
             Slain by an orc warrior
             ... wielding a +1 trident of piercing
              (7 damage)
             ... on level 4 of the Dungeon.
             The game lasted 00:07:42 (2493 turns).

Freyura the Skirmisher (Gargoyle Fighter)           Turns: 2493, Time: 00:07:43

Health: -4/39      AC: 14    Str: 19    XL:     6   Next: 27%
Magic:  6/6        EV:  8    Int:  9    God:    Ashenzari [......]
Gold:   250        SH:  9    Dex: 11    Spells: 5/5 levels left

rFire    + . .     SeeInvis +   a - +0 flail (curse)
rCold    . . .     Gourm    .   c - +0 medium shield (curse)
rNeg     + . .     Faith    .   b - +0 scale mail (curse)
rPois    ∞         Spirit   .   f - +1 hat (curse)
rElec    +         Reflect  .   x - +1 cloak (curse)
rCorr    .         Harm     .   (no gloves)
MR       .....                  (no boots)
Stlth    ..........             (no amulet)
HPRegen  0.13/turn              k - ring of protection from fire
MPRegen  0.10/turn              y - ring of see invisible

@: no status effects
A: negative energy resistance 1, electricity resistance, unbreathing,
petrification resistance, rot immunity, AC +4
a: Curse Item, Renounce Religion


You were on level 4 of the Dungeon.
You worshipped Ashenzari.
Ashenzari was noncommittal.
You were not hungry.

You visited 1 branch of the dungeon, and saw 4 of its levels.

You collected 250 gold pieces.

Inventory:

Hand Weapons
 a - a cursed +0 flail (weapon)
Armour
 b - a cursed +0 scale mail (worn)
 c - a cursed +0 medium shield (worn)
 f - a cursed +1 hat (worn)
 x - a cursed +1 cloak (worn)
Jewellery
 k - a ring of protection from fire (left hand)
 w - an uncursed ring of stealth
 y - a ring of see invisible (right hand)
Wands
 v - a wand of disintegration (28)
Scrolls
 h - 2 scrolls of remove curse
 n - a scroll of fog
 o - 2 scrolls of teleportation
 q - a scroll of enchant armour
 r - 3 scrolls of identify
 z - a scroll of magic mapping {unknown}
 B - 2 scrolls of amnesia {unknown}
Potions
 g - a potion of ambrosia
 i - a potion of agility
 j - a potion of invisibility {unknown}
 l - a potion of cancellation {unknown}
 m - a potion of degeneration {unknown}
 p - 2 potions of curing {unknown}
 s - a potion of mutation {unknown}
 t - a potion of flight {unknown}
 u - a potion of brilliance {unknown}
 A - a potion of lignification {unknown}
Comestibles
 e - 8 rations {!d}


   Skills:
 + Level 4.3 Fighting
 * Level 4.0 Maces & Flails
 + Level 4.2 Armour
 + Level 1.6 Dodging
 + Level 4.2 Shields


You had 5 spell levels left.
You didn't know any spells.
Your spell library was empty.

Dungeon Overview and Level Annotations

Branches:
Dungeon (4/12)
 Temple: D:4-7

Altars:
Ashenzari
Dithmenos
Ru


Innate Abilities, Weirdness & Mutations

You are resistant to torment.
Your stone body is resilient. (AC +4)
You are immune to poison.
You resist negative energy. (rN+)
You are resistant to electric shocks. (rElec)
You can survive without breathing.
You are immune to petrification.
You are immune to rotting.


Message History

You are too injured to fight recklessly!
You are too injured to fight recklessly!
You are too injured to fight recklessly!
You are too injured to fight recklessly!
You are too injured to fight recklessly!
You are too injured to fight recklessly!
You are too injured to fight recklessly!
You are too injured to fight recklessly!
You hit the orc warrior but do no damage.
The orc warrior is lightly wounded.
The orc warrior hits you with a +1 trident of piercing!
* * * LOW HITPOINT WARNING * * *
x2 You block the orc warrior's attack.
You barely miss the orc warrior.
The orc warrior is lightly wounded.
You block the orc warrior's attack.
You closely miss the orc warrior.
The orc warrior is lightly wounded.
The orc warrior hits you with a +1 trident of piercing!
You die...

. .# ###. #.. #.# ####.#
######.†..#
......o@..#########
#####..##>........######
#.# #########.....<# #.
######.# . ### .. .. ...


You could see an orc warrior.

Vanquished Creatures
  A crimson imp (D:3)
  Crazy Yiuf (D:2)
  An orc wizard (D:2)
  A centaur skeleton (D:3)
  Jessica (D:2)
  Robin (D:2)
  3 adders (D:3)
  2 oozes
  3 dart slugs (D:1)
  6 leopard geckos
  5 orcs
  6 bats
  6 goblins
  10 hobgoblins
  2 jackals (D:4)
  12 kobolds
  4 quokkas
  5 ball pythons
  4 frilled lizards
  4 rats
  2 fungi (D:2)
80 creatures vanquished.

Notes
Turn   | Place    | Note
-------+----------+-------------------------------------------
     0 | D:1      | Freyura the Gargoyle Fighter began the quest for the Orb.
     0 | D:1      | Reached XP level 1. HP: 14/14 MP: 1/1
   100 | D:1      | Reached XP level 2. HP: 15/19 MP: 2/2
   452 | D:1      | Reached XP level 3. HP: 23/23 MP: 3/3
  1127 | D:2      | Found a sacrificial altar of Ru.
  1135 | D:2      | Reached XP level 4. HP: 24/29 MP: 4/4
  1229 | D:2      | Noticed Jessica
  1240 | D:2      | Killed Jessica
  1240 | D:2      | Reached skill level 1 in Dodging
  1465 | D:2      | Found a runed door.
  1469 | D:2      | Noticed Crazy Yiuf
  1474 | D:2      | Killed Crazy Yiuf
  1474 | D:2      | Reached XP level 5. HP: 21/33 MP: 5/5
  1687 | D:2      | Noticed Robin
  1695 | D:2      | Killed Robin
  1731 | D:2      | Found a shadowy altar of Dithmenos.
  2004 | D:3      | Reached XP level 6. HP: 38/38 MP: 6/6
  2228 | D:3      | Found a shattered altar of Ashenzari.
  2234 | D:3      | Became a worshipper of Ashenzari the Shackled
  2480 | D:4      | Noticed an orc warrior
  2493 | D:4      | Slain by an orc warrior

Skill      XL: |  1  2  3  4  5  6 |
---------------+-------------------+-----
Maces & Flails | 3 4 |  4.0
Dodging        | 1 |  1.6
Fighting       | 4 |  4.3
Armour         | 4 |  4.2
Shields        | 4 |  4.2

Action                   |  1- 3 |  4- 6 || total
-------------------------+-------+-------++-------
Melee: Flail             |   100 |   212 ||   312
Invok: Curse Item        |       |     5 ||     5
  Use: Scroll            |       |     6 ||     6
       Potion            |       |     1 ||     1
 Stab: Sleeping          |       |     3 ||     3
  Eat: Chunk             |     1 |     5 ||     6
Armor: Scale mail        |    66 |   123 ||   189
Dodge: Dodged            |    28 |   111 ||   139
Block: Medium shield     |    66 |   118 ||   184
